 Dungeon Crawl Stone Soup version 0.28.0-1-gb440e238dd (webtiles) character file.

Game seed: 17293622641182597133

2466 Woods the Cleaver (level 9, -11/75 HPs)
             Began as a Minotaur Fighter on Feb 23, 2022.
             Killed from afar by an electric eel (12 damage)
             ... with a bolt of electricity
             ... on level 7 of the Dungeon.
             The game lasted 00:09:29 (7384 turns).

Woods the Cleaver (Minotaur Fighter)                Turns: 7384, Time: 00:09:30

Health: -11/75     AC: 12    Str: 20    XL:     9   Next: 26%
Magic:  8/8        EV:  7    Int:  5    God:
Gold:   235        SH:  6    Dex: 21    Spells: 8/8 levels left

rFire   . . .      SeeInvis .   a - +0 war axe
rCold   . . .      Faith    .   c - +0 buckler
rNeg    . . .      Spirit   .   x - +0 chain mail
rPois   +          Reflect  .   (helmet restricted)
rElec   .          Harm     .   t - +0 cloak
rCorr   .          Rampage  .   k - +1 Delatra's gloves {ID++}
Will    .....                   (no boots)
Stlth   ..........              F - amulet of magic regeneration
HPRegen 0.22/turn               v - +6 ring of dexterity
MPRegen 0.51/turn               J - ring of poison resistance

@: no status effects
A: horns 2, retaliatory headbutt
a: no special abilities


You were on level 7 of the Dungeon.
You visited 2 branches of the dungeon, and saw 8 of its levels.

You collected 235 gold pieces.

Inventory:

Hand Weapons
 a - a +0 war axe (weapon)
Missiles
 H - a throwing net (quivered)
Armour
 b - a +0 scale mail
 c - a +0 buckler (worn)
 k - the +1 Delatra's gloves (worn) {ID++}
   (You found it on level 2 of the Dungeon)

   It heals its wearer when they drink unknown potions.
   It restores its wearer's MP when they read unknown scrolls.
 t - a +0 cloak (worn)
 x - a +0 chain mail (worn)
Jewellery
 r - a ring of fire
 v - a +6 ring of dexterity (left hand)
 F - an amulet of magic regeneration (around neck)
 J - a ring of poison resistance (right hand)
Wands
 l - a wand of iceblast (6)
 A - a wand of flame (13)
 B - a wand of polymorph (9)
 E - a wand of mindburst (8)
Scrolls
 e - a scroll of blinking
 f - 4 scrolls of identify {unknown}
 i - a scroll of immolation {unknown}
 j - 2 scrolls of fog {unknown}
 m - 2 scrolls of fear {unknown}
 n - a scroll of summoning {unknown}
 o - 2 scrolls of teleportation {unknown}
 p - a scroll of amnesia {unknown}
 q - a scroll of vulnerability {unknown}
 y - a scroll of noise {unknown}
 D - a scroll of enchant weapon {unknown}
 G - 2 scrolls of magic mapping {unknown}
Potions
 d - 3 potions of mutation {unknown}
 g - 4 potions of flight {unknown}
 h - 2 potions of curing
 s - 2 potions of brilliance {unknown}
 u - a potion of berserk rage {unknown}
 w - a potion of ambrosia {unknown}
 z - a potion of degeneration {unknown}
 C - a potion of lignification {unknown}
 I - a potion of attraction {unknown}


   Skills:
 - Level 6.0 Fighting
 + Level 14.0 Axes
 - Level 3.6 Armour
 - Level 0.9 Dodging
 - Level 0.5 Stealth
 - Level 3.6 Shields


You had 8 spell levels left.
You didn't know any spells.
Your spell library contained the following spells:

 Spells                   Type           Power      Damage    Failure   Level
 Shock                    Conj/Air       0%         1d3       100%        1
 Blink                    Tloc           0%         N/A       100%        2
 Swiftness                Air            0%         N/A       100%        3
 Tukima's Dance           Hex            0%         N/A       100%        3
 Airstrike                Air            0%         N/A       100%        4
 Passage of Golubria      Tloc           0%         N/A       100%        4
 Summon Ice Beast         Ice/Summ       0%         N/A       100%        4
 Manifold Assault         Tloc           0%         N/A       100%        5
 Summon Mana Viper        Hex/Summ       0%         N/A       100%        5
 Yara's Violent Unravell  Hex/Tmut       0%         3d3       100%        5
 Monstrous Menagerie      Summ           0%         N/A       100%        7
 Storm Form               Tmut/Air       0%         N/A       100%        7


Dungeon Overview and Level Annotations

Branches:
Dungeon (7/15)             Temple (1/1) D:4

Altars:
Ashenzari
Cheibriados
Elyvilon
Fedhas
Hepliaklqana
Kikubaaqudgha
Makhleb
Nemelex Xobeh
Okawaru
Qazlal
Ru
Sif Muna
Trog
Uskayaw
Vehumet
Wu Jian
Xom
Zin
The Shining One


Innate Abilities, Weirdness & Mutations

You have a pair of horns on your head.
You reflexively headbutt those who attack you in melee.


Message History

You hit the electric eel. Your headbutt misses the electric eel.
The electric eel is moderately wounded.
The electric eel shoots out a bolt of lightning at you!
The bolt of electricity hits you!
You barely miss the electric eel.
The electric eel is moderately wounded.
The electric eel shoots out a bolt of lightning at you!
The bolt of electricity hits you!
You miss the electric eel.
The electric eel is moderately wounded.
You barely miss the electric eel. Your headbutt misses the electric eel.
The electric eel is moderately wounded.
The electric eel shoots out a bolt of lightning at you!
The bolt of electricity hits you!
* * * LOW HITPOINT WARNING * * *
You completely miss the electric eel.
The electric eel is moderately wounded.
The electric eel shoots out a bolt of lightning at you!
The bolt of electricity hits you.
* * * LOW HITPOINT WARNING * * *
Unknown command.
You closely miss the electric eel.
The electric eel is moderately wounded.
The electric eel shoots out a bolt of lightning at you!
The bolt of electricity misses you.
You hit the electric eel. You headbutt the electric eel.
The electric eel is heavily wounded.
You barely miss the electric eel. Your headbutt misses the electric eel.
The electric eel is heavily wounded.
You miss the electric eel. Your headbutt misses the electric eel.
The electric eel is heavily wounded.
The electric eel shoots out a bolt of lightning at you!
The bolt of electricity hits you!
* * * LOW HITPOINT WARNING * * *
The electric eel shoots out a bolt of lightning at you!
The bolt of electricity hits you.
* * * LOW HITPOINT WARNING * * *
The electric eel shoots out a bolt of lightning at you!
The bolt of electricity hits you!
You die...

#.#...[.......#..≈♣≈
#.##......#..♣≈♣≈≈♣≈♣
#.########♣♣♣♣≈ #.# ♣♣≈≈
#.####### ♣≈≈≈♣
#.†.....♣♣≈≈≈≈≈
#......≈≈≈≈≈≈♣≈
#......≈≈≈≈≈≈≈≈ ≈
#...@..♣≈≈≈≈≈P≈≈≈≈≈S≈
######.####..S≈≈P≈≈♣≈≈≈≈≈≈
#.............≈≈≈≈♣≈≈≈≈≈≈≈
#.>...........♣♣≈P≈P≈≈≈≈≈≈
#.......|......P♣≈≈≈♣P≈≈≈≈
#................≈≈≈≈≈♣≈≈♣
#..............####..≈♣≈≈≈
#.............)# #.......
#..............# #.......


You could see an electric eel.

Vanquished Creatures
  Pikel (D:4)
  A wyvern (D:7)
  Duvessa (D:5)
  An orc warrior (D:5)
  An ice beast (D:7)
  2 black bears
  2 ogres (D:6)
  A centaur (D:6)
  A necrophage (D:4)
  3 lemures
  2 scorpions
  Dowan (D:5)
  A howler monkey (D:6)
  2 electric eels (D:7)
  3 hounds
  2 orc priests
  2 bullfrog zombies
  A jelly (D:5)
  A gnoll shaman (D:7)
  A bullfrog skeleton (D:5)
  3 iguanas
  Terence (D:2)
  An orc wizard (D:4)
  A hound skeleton (D:4)
  A howler monkey skeleton (D:7)
  9 gnolls
  8 adders
  2 shadow imps (D:6)
  2 ufetubi
  2 adder skeletons (D:4)
  A worm (D:3)
  A dart slug (D:2)
  23 orcs
  A bat (D:2)
  12 endoplasms
  3 giant cockroaches
  4 hobgoblins
  9 jackals
  4 kobolds (D:1)
  6 quokkas
  9 ball pythons
  4 frilled lizards
  4 goblins
  5 rats
146 creatures vanquished.

Vanquished Creatures (others)
  26 plants
26 creatures vanquished.

Grand Total: 172 creatures vanquished

Notes
Turn   | Place    | Note
-------+----------+-------------------------------------------
     0 | D:1      | Woods the Minotaur Fighter began the quest for the Orb.
     0 | D:1      | Reached XP level 1. HP: 19/19 MP: 0/0
   108 | D:1      | Reached skill level 3 in Axes
   122 | D:1      | Reached XP level 2. HP: 21/26 MP: 1/1
   309 | D:1      | Found a faded altar of an unknown god.
   608 | D:1      | Reached skill level 4 in Axes
   608 | D:1      | Reached XP level 3. HP: 24/31 MP: 2/2
   817 | D:2      | Found an ancient bone altar of Kikubaaqudgha.
   867 | D:2      | Noticed Terence
   877 | D:2      | Killed Terence
   878 | D:2      | Reached XP level 4. HP: 34/40 MP: 3/3
  1141 | D:2      | Identified the +2 chain mail "Kacwag" {Rampage *Slow rPois
                  | rCorr}
  1206 | D:2      | Found the +1 Delatra's gloves {ID++}
  1256 | D:3      | Reached skill level 5 in Axes
  1483 | D:3      | Noticed a black bear
  1499 | D:3      | Killed a black bear
  1500 | D:3      | Reached skill level 5 in Fighting
  1500 | D:3      | Reached XP level 5. HP: 9/48 MP: 4/4
  2404 | D:4      | Noticed a necrophage
  2440 | D:4      | Noticed Pikel
  2440 | D:4      | Noticed a lemure
  2440 | D:4      | Noticed a lemure
  2440 | D:4      | Noticed a lemure
  2440 | D:4      | Noticed a lemure
  2494 | D:4      | Reached skill level 6 in Axes
  2518 | D:4      | Killed a necrophage
  2519 | D:4      | Reached XP level 6. HP: 57/57 MP: 5/5
  2682 | D:4      | Reached skill level 7 in Axes
  3172 | D:4      | Killed Pikel
  3173 | D:4      | Reached skill level 9 in Axes
  3173 | D:4      | Reached XP level 7. HP: 41/63 MP: 6/6
  3306 | D:4      | Found a bloodstained altar of Trog.
  3328 | D:4      | Found a staircase to the Ecumenical Temple.
  3503 | Temple   | Entered the Ecumenical Temple
  3658 | D:5      | Entered Level 5 of the Dungeon
  3665 | D:5      | Reached skill level 10 in Axes
  3779 | D:5      | Noticed Duvessa
  3782 | D:5      | Noticed Dowan
  3798 | D:5      | Killed Duvessa
  3799 | D:5      | Reached XP level 8. HP: 41/70 MP: 7/7
  3804 | D:5      | Killed Dowan
  4659 | D:6      | Reached skill level 11 in Axes
  5179 | D:6      | Reached skill level 12 in Axes
  5418 | D:6      | Found a shimmering blue altar of Sif Muna.
  5418 | D:6      | Found a hide-covered altar of Uskayaw.
  6104 | D:7      | Reached skill level 13 in Axes
  6104 | D:7      | Reached XP level 9. HP: 75/75 MP: 8/8
  6646 | D:7      | Noticed a two-headed ogre
  7292 | D:7      | Reached skill level 14 in Axes
  7382 | D:7      | HP: 1/75 [electric eel/bolt of electricity (6)]
  7384 | D:7      | Killed from afar by an electric eel

Illustrated notes

Levels and vault maps discovered:
D:1:      ncdulo_smallfort, layout_basic,
          dreamdust_ecumenical_altar_angels_and_demons
D:2:      layout_rooms, basic_altar, uniq_terence
D:3:      layout_loops_corners
D:4:      cheibrodos_old_hovel, layout_cave_pools, trog_book,
          minmay_temple_entry_trees, uniq_pikel
D:5:      layout_loops_ring, hangedman_glass_teeth,
          chequers_serial_rivers_small_b, uniq_duvessa
D:6:      layout_cave_pools, gammafunk_temple_overflow_statue,
          kennysheep_generic_room_12
D:7:      layout_rooms, serial_bayou_lake_a
Temple:   regret_index_temple_sphere_string

Skill      XL: |  1  2  3  4  5  6  7  8  9 |
---------------+----------------------------+-----
Axes           | 3 4 5 6 9 10 13 14 | 14.0
Fighting       | 4 5 6 |  6.0
Armour         | |  3.6
Dodging        | |  0.9
Stealth        | |  0.5
Shields        | |  3.6

Action                   |  1- 3 |  4- 6 |  7- 9 || total
-------------------------+-------+-------+-------++-------
Melee: War axe           |    75 |   145 |   158 ||   378
       Headbutt          |     9 |    15 |    39 ||    63
  Use: Potion            |       |     2 |       ||     2
       Scroll            |       |     1 |       ||     1
Armor: Scale mail        |    34 |    71 |    14 ||   119
       Chain mail        |       |       |    64 ||    64
Dodge: Dodged            |    36 |    60 |    47 ||   143
Block: Buckler           |    20 |    34 |    41 ||    95
